 Seeded DCSS version 0.30-a0-1016-gfb0d676c02 (webtiles) character file.

Game seed: 5273686565418911137 (custom seed)

403 Hubris850 the Insei (level 6, 0/46 HPs)
             Began as an Octopode Transmuter on Apr 6, 2023.
             Slain by a phantom (5 damage)
             ... on level 4 of the Dungeon.
             The game lasted 00:07:59 (2744 turns).

Hubris850 the Insei (Octopode Transmuter)           Turns: 2744, Time: 00:07:59

Health: 0/46       AC:  6    Str:  9    XL:     6   Next: 86%
Magic:  4/10       EV: 10    Int: 18    God:
Gold:   165        SH:  0    Dex: 12    Spells: 4/11 levels left

rFire   x . .      SeeInvis .      - Unarmed
rCold   + + +      Faith    .    (shield currently unavailable)
rNeg    . . .      Spirit   .    (helmet currently unavailable)
rPois   +          Reflect  .    (no amulet)
rElec   .          Rampage  .    d - ring of wizardry
rCorr   .                        f - ring of wizardry
Will    .....                    k - ring of poison resistance
Stlth   +                        (no ring)
HPRegen 0.27/turn                (no ring)
MPRegen 0.12/turn                (no ring)
                                 (no ring)
                                 (no ring)

@: ice-form, wereblooded
A: freezing attack, boosted hp, almost no armour, amphibious, 8 rings, large,
(camouflage 1), (gelatinous body 1), (nimble swimmer 1), (tentacles)
a: End Transformation


You were on level 4 of the Dungeon.
You were a creature of crystalline ice.
You visited 1 branch of the dungeon, and saw 4 of its levels.

You collected 165 gold pieces.

Inventory:

Missiles
 j - 9 poisoned darts
Jewellery
 d - a ring of wizardry (left front paw)
 f - a ring of wizardry (right front paw)
 k - a ring of poison resistance (on tentacle)
Wands
 v - a wand of iceblast (8)
Scrolls
 c - 2 scrolls of noise {unknown}
 e - 3 scrolls of identify {unknown}
 g - 2 scrolls of vulnerability {unknown}
 h - a scroll of silence {unknown}
 i - a scroll of amnesia {unknown}
 m - a scroll of poison {unknown}
 n - a scroll of blinking {unknown}
 p - 2 scrolls of fear {unknown}
 q - a scroll of teleportation {unknown}
 s - 2 scrolls of fog {unknown}
Potions
 a - a potion of lignification
 b - a potion of invisibility {unknown}
 l - a potion of brilliance {unknown}
 o - a potion of heal wounds {unknown}
 r - a potion of might {unknown}
 t - a potion of flight {unknown}
 u - a potion of degeneration {unknown}


   Skills:
 - Level 2.0 Fighting
 + Level 3.4 Dodging
 + Level 4.1 Unarmed Combat
 + Level 3.2 Spellcasting
 + Level 3.5 Transmutations
 + Level 2.5 Ice Magic


You had 4 spell levels left.
You knew the following spells:

 Your Spells              Type           Power      Damage    Failure   Level
a - Beastly Appendage     Tmut           30%        N/A       1%          1
b - Wereblood             Tmut           15%        N/A       1%          2
c - Ice Form              Ice/Tmut       13%        N/A       12%         4

Your spell library contained the following spells:

 Spells                   Type           Power      Damage    Failure   Level
 Freeze                   Ice            48%        1d6       1%          1
 Slow                     Hex            8%         N/A       4%          1
 Frozen Ramparts          Ice            24%        1d4       4%          3
 Spider Form              Tmut/Pois      9%         N/A       7%          3
 Hailstorm                Conj/Ice       7%         3d4       8%          3
 Confusing Touch          Hex            2%         N/A       13%         3
 Vampiric Draining        Necr           2%         2d6       13%         3
 Vhi's Electric Charge    Tloc/Air       4%         N/A       13%         3
 Arcjolt                  Conj/Air       1%         1d11      71%         5
 Maxwell's Capacitive Co  Air            1%         ∞         100%        8


Dungeon Overview and Level Annotations

Branches:
Dungeon (4/15)
 Temple: D:4-7

Altars:
Dithmenos
Okawaru

Annotations:
D:4 3 runed translucent doors, mistaj's ghost, amateur VSFi


Innate Abilities, Weirdness & Mutations

You are a creature of crystalline ice.
You have a powerful freezing melee attack.
Your maximum health is increased.
Your armour is entirely melded.
You are incapable of wielding weapons or throwing items.
You cannot wear most types of armour.
You are amphibious.
You can wear up to eight rings at the same time.
((Your skin changes colour to match your surroundings (Stealth+).))
((Your rubbery body absorbs attacks. (AC +1, EV +1)))
((You are camouflaged when in or above water. (Stealth+)))
((You have tentacles for arms and can constrict up to eight enemies at once.))


Message History

The endoplasm freezes you.
You are frozen.
You tentacle-slap the endoplasm.
The endoplasm is almost dead.
The endoplasm freezes you.
You are frozen.
You tentacle-slap the endoplasm but do no damage.
You squeeze the endoplasm.
You kill the endoplasm!
Your tentacle spike disappears.
Found a stone staircase leading down.
Found 6 large rocks.
There is a stone staircase leading down here.
A phantom and an ogre come into view.
Casting: Beastly Appendage (safe; 1% risk of failure)
Confirm with . or Enter, or press ? or * to list all spells.
Your blood is infused with primal strength.
Casting: Wereblood (safe; 1% risk of failure)
Confirm with . or Enter, or press ? or * to list all spells.
One of your tentacles grows a vicious spike.
Casting: Beastly Appendage (safe; 1% risk of failure)
Confirm with . or Enter, or press ? or * to list all spells.
The spell is quite dangerous to miscast (12% risk of failure)!
Continue anyway?
Your tentacle spike disappears.
You turn into a creature of crystalline ice.
The ogre shouts!
You hit the ogre. You freeze the ogre.
The ogre is lightly wounded.
The ogre hits you with a +0 giant spiked club!!
Ouch! That really hurt!
You punch the ogre! You freeze the ogre!
The ogre is severely wounded.
You hit the ogre. You freeze the ogre.
The ogre is almost dead.
The ogre hits you with a +0 giant spiked club!
* * * LOW HITPOINT WARNING * * *
You punch the ogre! You freeze the ogre.
You feel a bit better.
You kill the ogre!
The phantom hits you.
You die...

#.... .# ####
###....#.# #..
......#.# #.# #....#.#
##.# #....#.# ...#####
#....#.# #......###
#...)#.#######
####.....#
#.WY........
###.#.########.#######
#.....[............!
####..######.######.
##.# #.# ####.### #.#
#......# #.# #......#
#.# #......# ##.#


You could see a phantom.

Vanquished Creatures
  2 ogres (D:4)
  A phantom (D:4)
  A scorpion (D:4)
  A jelly (D:4)
  2 adders (D:4)
  4 gnolls (D:2)
  4 worms (D:2)
  4 dart slugs
  An orc (D:3)
  8 bats
  8 endoplasms
  A giant cockroach (D:2)
  9 hobgoblins
  3 jackals (D:4)
  8 kobolds
  5 quokkas
  A ball python (D:3)
  4 frilled lizards (D:3)
  9 goblins
  7 rats
83 creatures vanquished.

Notes
Turn   | Place    | Note
-------+----------+-------------------------------------------
     0 | D:1      | Hubris850 the Octopode Transmuter began the quest for the
                  | Orb.
     0 | D:1      | Reached XP level 1. HP: 13/13 MP: 3/3
   114 | D:1      | Reached XP level 2. HP: 9/18 MP: 5/5
   454 | D:1      | Learned a level 2 spell: Wereblood
   562 | D:1      | Reached XP level 3. HP: 23/23 MP: 6/6
   973 | D:2      | Found a faded altar of an unknown god.
  1101 | D:2      | Found a shadowy altar of Dithmenos.
  1116 | D:2      | Reached skill level 1 in Ice Magic
  1148 | D:2      | Reached XP level 4. HP: 28/28 MP: 3/7
  1426 | D:2      | Learned a level 4 spell: Ice Form
  1723 | D:3      | Reached XP level 5. HP: 20/34 MP: 8/8
  2155 | D:3      | Found an iron altar of Okawaru.
  2265 | D:4      | Found a runed translucent gate.
  2266 | D:4      | Found a runed translucent gate.
  2267 | D:4      | Found a runed translucent gate.
  2267 | D:4      | Noticed mistaj's ghost (amateur VSFi)
  2296 | D:4      | Found a shadowy altar of Dithmenos.
  2308 | D:4      | Noticed an ogre
  2324 | D:4      | Killed an ogre
  2329 | D:4      | Reached XP level 6. HP: 22/39 MP: 4/10
  2487 | D:4      | Reached skill level 4 in Unarmed Combat
  2743 | D:4      | HP: 2/46 [ogre/+0 giant spiked club (12)]
  2744 | D:4      | Slain by a phantom

Illustrated notes

Levels and vault maps discovered:
D:1:      dpeg_chamrin_arrival_tetris, layout_basic
D:2:      layout_basic, basic_altar, ebering_ecumenical_altar_webs
D:3:      layout_rooms, okawaru_metal_pillars_1_2, nicolae_figureground_sparkle
D:4:      layout_basic, mainiacjoe_overflow_surrounded_room,
          gammafunk_ghost_split, minmay_misc_feat_plants,
          amcnicky_mini_rare_corridor_liquid

Skill      XL: |  1  2  3  4  5  6 |
---------------+-------------------+-----
Ice Magic      | 1 2 |  2.5
Fighting       | 2 |  2.0
Dodging        | 3 |  3.4
Transmutations | 3 |  3.5
Unarmed Combat | 4 |  4.1
Spellcasting   | 3 |  3.2

Action                     |  1- 3 |  4- 6 || total
---------------------------+-------+-------++-------
  Melee: Unarmed           |    86 |   119 ||   205
         Constrict         |    24 |    27 ||    51
         Tentacles         |    16 |    23 ||    39
         Kick              |     8 |    18 ||    26
         Punch             |     3 |     6 ||     9
   Cast: Beastly Appendage |    10 |    15 ||    25
         Wereblood         |     1 |     4 ||     5
         Ice Form          |       |     2 ||     2
   Stab: Sleeping          |     6 |     6 ||    12
 Armour: Skin              |    13 |     8 ||    21
  Dodge: Dodged            |    57 |    59 ||   116

Table legend: (Time is in decaauts)
 A = Elapsed time spent in this place.
 B = Non-inter-level travel time spent in this place.
 C = Inter-level travel time spent in this place.
 D = Time resting spent in this place.
 E = Time spent auto-exploring this place.
 F = Levels seen in this place.
 G = Mean time per level.
                   A        B        C        D        E       F      G
               +--------+--------+--------+--------+--------+-----+--------+
         Total |   2729 |   2633 |     96 |    135 |   1888 |   4 |  682.2 |
       Dungeon |   2729 |   2633 |     96 |    135 |   1888 |   4 |  682.2 |
               +--------+--------+--------+--------+--------+-----+--------+

Top non-repeatable levels by time:
     D:1: 885 daAuts
     D:2: 812 daAuts
     D:3: 551 daAuts
     D:4: 480 daAuts
